Map: Central Protocol

Players

Hindulaatti

  • Race: Terran Terran
  • League: Diamond

Kronos

  • Race: Terran Terran

JohnMcClane

  • Race: Zerg Zerg
  • League: Gold

Zeus

  • Race: Zerg Zerg

VOD

Have the link to the VOD?

Description

Time

  • Played on: Feb. 11, 2016, 7:29 a.m.
  • Length: 16:59
Show
View Real Time Build Order
Export as new Build Order

Hindulaatti Terran 

Build Orders: MMM Bio 

Get SALT Encoding   

  12  0:01  SCV  
  13  0:13  SCV  
  14  0:25  SCV  
  14  0:26  Supply Depot  
  15  0:47  SCV  
  16  0:50  Barracks  
  16  0:52  Refinery  
  16  0:59  Barracks  
  16  1:00  SCV  
  17  1:12  SCV  
  18  1:24  SCV  
  19  1:37  Orbital Command  
  19  1:38  Reaper  
  20  1:44  Supply Depot  
  20  1:53  Reaper  
  21  2:07  SCV  
  22  2:13  Reaper  
  23  2:19  Command Center  
  23  2:22  SCV  
  24  2:23  Refinery  
  24  2:30  Reaper  
  24  2:34  SCV  
  26  2:42  Supply Depot  
  26  2:46  SCV  
  26  2:48  Reaper  
  28  2:58  SCV  
  29  3:08  Factory, Marine  
  29  3:11  SCV  
  31  3:20  Reaper  
  31  3:25  SCV  
  33  3:30  Reaper  
  34  3:36  Orbital Command, Bunker  
  34  3:38  SCV  
  34  3:49  Barracks  
  34  3:50  SCV  
  34  3:52  Factory Tech Lab  
  34  3:55  Starport  
  35  4:02  SCV, Barracks Reactor  
  36  4:07  Barracks Tech Lab  
  36  4:10  SCV  
  36  4:11  Supply Depot  
  36  4:14  SCV  
  38  4:23  SCV  
  38  4:26  SCV  
  38  4:27  Siege Tank  
  42  4:32  Refinery  
  42  4:33  Refinery  
  42  4:35  Engineering Bay, SCV  
  42  4:38  Barracks Reactor  
  42  4:39  SCV  
  42  4:47  SCV  
  42  4:51  SCV  
  42  4:52  Marine x2  
  47  4:53  Marauder, Supply Depot  
  47  4:55  Supply Depot  
  47  4:57  Medivac  
  47  4:59  SCV  
  50  5:03  SCV  
  50  5:04  Engineering Bay  
  51  5:11  SCV  
  52  5:22  SCV  
  52  5:23  SCV  
  52  5:26  Siege Tank  
  52  5:27  Marine  
  52  5:28  Marauder, Marine x3  
  62  5:31  Barracks  
  62  5:34  Terran Infantry Armor Level 1, SCV  
  64  5:36  Terran Infantry Weapons Level 1  
  64  5:45  Marine  
  64  5:47  Stimpack  
  64  5:49  Supply Depot  
  65  5:51  SCV  
  65  5:55  Marine x3, SCV  
  70  5:59  Supply Depot  
  70  6:00  Supply Depot  
  70  6:01  Marauder  
  70  6:03  SCV  
  73  6:13  SCV  
  73  6:14  Marine  
  75  6:22  Supply Depot  
  75  6:24  SCV  
  75  6:25  Barracks Tech Lab  
  76  6:28  Barracks Tech Lab  
  76  6:31  Marauder, Marine  
  79  6:33  Medivac x2  
  79  6:34  SCV  
  79  6:37  Supply Depot  
  84  6:41  Command Center  
  84  6:46  SCV x2  
  86  6:50  Combat Shields  
  86  7:00  SCV x2  
  88  7:03  Medivac  
  90  7:09  Armory  
  90  7:14  Engineering Bay  
  90  7:17  Marine  
  90  7:18  Marauder x2, Marine  
  90  7:19  SCV x2  
  90  7:21  Marauder  
  100  7:23  Medivac  
  100  7:27  Concussive Shells  
  102  7:33  Medivac  
  102  7:35  Marine  
  102  7:36  Marine  
  106  7:48  Supply Depot  
  106  7:49  Supply Depot  
  106  7:55  Supply Depot  
  106  7:59  Marauder, Marine x3  
  106  8:00  Medivac  
  106  8:02  Terran Infantry Weapons Level 2, Terran Infantry Armor Level 2  
  106  8:03  Medivac  
  115  8:07  Hellion  
  117  8:19  Refinery, Planetary Fortress  
  117  8:20  Refinery, Missile Turret  
  117  8:26  Marine x3  
  117  8:27  Marauder x2  
  124  8:43  Liberator  
  124  8:44  Marine x2  
  125  8:58  Marine x2  
  125  8:59  Marauder  
  125  9:02  Marine x2  
  134  9:18  Terran Vehicle Weapons Level 1, SCV x2  
  134  9:21  Marine  
  134  9:22  Marauder  
  139  9:30  Barracks  
  139  9:31  Liberator, Barracks  
  139  9:32  Liberator  
  139  9:35  Supply Depot x2  
  139  9:37  Supply Depot x2  
  139  9:42  Command Center  
  145  10:04  Marauder, Marine  
  145  10:06  Siege Tank  
  151  10:21  Ghost Academy, Supply Depot  
  151  10:26  Drilling Claws  
  151  10:27  Terran Infantry Armor Level 3  
  151  10:29  Terran Infantry Weapons Level 3  
  151  10:42  Barracks Tech Lab x2  
  151  10:44  Refinery x2  
  151  11:00  Marine  
  151  11:01  Marauder, Marine  
  151  11:02  Command Center  
  155  11:20  Starport  
  155  11:24  Orbital Command, Liberator  
  155  11:25  Liberator, Barracks Reactor  
  161  11:52  Marauder x2, Marine x2  
  167  12:06  High Capacity Fuel Tanks  
  167  12:09  Starport  
  167  12:15  Medivac  
  169  12:24  Medivac, Marine x4  
  169  12:25  Marauder, Marine x2  
  179  12:32  Barracks  
  179  12:33  Barracks  
  179  12:37  Medivac  
  179  12:38  Marauder  
  179  12:42  Marine x4  
  187  12:45  Medivac  
  189  12:53  Starport Reactor  
  189  12:56  Medivac  
  191  13:01  Refinery  
  191  13:04  Refinery  
  191  13:07  Medivac  
  191  13:10  Planetary Fortress  
  191  13:21  Barracks Reactor x2  
  191  13:29  Supply Depot  
  191  13:39  Command Center  
  191  13:46  Command Center, Ghost x4  
  199  13:52  Ghost Academy  
  199  14:00  Missile Turret  
  199  14:02  Missile Turret  
  199  14:16  Missile Turret  
  199  14:18  Missile Turret  
  199  14:20  Missile Turret  
  199  14:22  Missile Turret  
  199  14:28  Nuke  
  199  14:30  Personal Cloaking  
  199  14:34  Terran Vehicle And Ship Armor Level 1  
  189  15:04  Ghost Academy  
  168  15:34  Nuke  
  168  16:08  Nuke  
  168  16:09  Nuke  
  168  16:33  Fusion Core  
Show
View Real Time Build Order
Export as new Build Order

Kronos Terran 

Build Orders:  

Get SALT Encoding   

  12  0:10  Drone x2  
  14  0:22  Overlord  
  14  0:42  Drone x2  
  16  0:43  Drone  
  17  0:56  Hatchery  
  16  0:59  Extractor  
  16  1:00  Drone  
  16  1:24  Drone, Spawning Pool  
  16  1:25  Drone  
  17  1:37  Drone x2  
  19  1:52  Drone  
  20  2:04  Drone  
  21  2:09  Overlord x2  
  21  2:17  Metabolic Boost  
  21  2:21  Queen  
  23  2:24  Zergling x4  
  23  2:29  Queen  
  27  2:37  Drone x2  
  29  2:47  Zergling x2  
  29  2:48  Zergling x2  
  31  2:57  Zergling x4  
  31  3:18  Drone x4  
  35  3:24  Zergling x2  
  35  3:25  Zergling x2  
  37  3:33  Queen  
  39  3:36  Zergling x4  
  39  3:46  Zergling x4  
  39  3:47  Zergling x4  
  42  3:55  Extractor  
  41  3:56  Drone x2  
  43  4:03  Overlord  
  41  4:24  Queen  
  41  4:26  Drone x3  
  41  4:30  Drone x4  
  41  4:31  Drone, Extractor  
  50  4:38  Roach Warren  
  47  4:42  Lair  
  47  4:44  Drone  
  47  4:45  Drone  
  47  5:12  Queen  
  49  5:15  Extractor  
  49  5:16  Hatchery  
  49  5:17  Zergling x2  
  49  5:18  Zergling x8  
  52  5:23  Overlord x3  
  52  5:41  Zergling x8  
  52  5:42  Zergling x4  
  58  5:51  Queen  
  60  5:59  Evolution Chamber  
  59  6:08  Evolution Chamber  
  55  6:19  Zergling x12  
  55  6:20  Zergling x6  
  54  6:55  Zergling x4  
  54  6:56  Zergling x12  
  60  7:29  Zerg Missile Weapons Level 1  
  59  7:30  Zerg Ground Armor Level 1  
  55  7:55  Roach  
  55  7:56  Roach x7  
  55  7:57  Roach x3  
  71  8:43  Queen  
  71  8:45  Roach x2  
  71  8:46  Roach x3  
  79  9:09  Hydralisk Den  
  78  9:26  Drone x4  
  78  9:30  Overlord x3  
  78  9:31  Overlord x2  
  82  9:36  Overlord x2  
  82  9:37  Overlord  
  81  9:39  Zerg Missile Weapons Level 2  
  81  9:40  Zerg Ground Armor Level 2  
  81  9:43  Drone  
  82  9:48  Queen  
  83  10:08  Spore Crawler  
  83  10:11  Spore Crawler  
  83  10:13  Spire  
  80  10:14  Drone  
  80  10:15  Drone x2  
  80  10:16  Spore Crawler  
  82  10:23  Hydralisk  
  82  10:24  Hydralisk  
  86  10:32  Drone x3  
  86  10:35  Drone  
  89  10:50  Drone x2  
  89  10:51  Drone x4  
  95  11:04  Hydralisk x2  
  95  11:05  Hydralisk  
  101  11:28  Mutalisk x2  
  101  11:29  Drone x2, Mutalisk  
  101  11:30  Drone x4  
  112  11:52  Drone x2  
  112  11:53  Drone x3  
  109  12:16  Hatchery, Mutalisk x5  
  113  13:28  Drone x4  
  113  13:29  Drone x4  
  113  13:32  Queen  
  120  13:45  Baneling Nest  
  120  13:47  Hydralisk  
  120  13:48  Hydralisk x5  
  116  14:15  Roach  
  116  14:16  Roach x5  
  98  14:57  Roach x6  
  98  14:58  Roach x6  
  75  15:29  Roach x3  
  81  15:54  Hydralisk x2  
  85  16:19  Roach  
  85  16:20  Roach x2  
Show
View Real Time Build Order
Export as new Build Order

JohnMcClane Zerg 

Build Orders:  

Get SALT Encoding   

Show
View Real Time Build Order
Export as new Build Order

Zeus Zerg 

Build Orders:  

Get SALT Encoding   

Tags
 
Add a new tag
Caveats
  • Supply blocks, unpowered buildings, or Contaminate may cause inaccurate times.
  • Supply counts are checked every 10 seconds.